 Dungeon Crawl Stone Soup version 0.26.1-2-gb8aa6d0cf2 (webtiles) character file.

Game seed: 1604505408954815150

150666 MemeProof the Hoplite (level 16, -3/139 HPs)
             Began as a Minotaur Fighter on Feb 9, 2021.
             Was the Champion of Okawaru.
             Killed from afar by a guardian serpent (34 damage)
             ... with a bolt of poison
             ... summoned by a glowing orange brain
             ... on level 3 of the Abyss.
             The game lasted 01:21:40 (33710 turns).

MemeProof the Hoplite (Minotaur Fighter)           Turns: 33710, Time: 01:21:41

Health: -3/139     AC: 35    Str: 33    XL:     16   Next: 99%
Magic:  20/20      EV: 10    Int:  5    God:    Okawaru [******]
Gold:   3766       SH: 26    Dex: 10    Spells: 15/15 levels left

rFire    + . .     SeeInvis +   L - +9 flail "Riqing" {vorpal, rElec Will+ Str+3}
rCold    + . .     Faith    .   e - +3 kite shield
rNeg     . . .     Spirit   .   A - +6 plate armour {rF+}
rPois    .         Reflect  +   G - +2 hat {SInv}
rElec    +         Harm     .   J - scarf {repulsion}
rCorr    .         Rampage  .   b - +1 pair of gloves {archery}
Will     ++...                  i - +2 pair of boots
Stlth    ..........             P - amulet of reflection
HPRegen  0.33/turn              X - +4 ring of protection
MPRegen  0.17/turn              T - ring of protection from cold

@: lethally poisoned (-3 -> -8), very slightly contaminated, studying 2 skills,
repel missiles
A: retaliatory headbutt, horns 2, iridescent scales 1, high mp 1, [low mp 2],
strong 1
a: Renounce Religion, Heroism, Finesse


You were on level 3 of the Abyss.
You worshipped Okawaru.
Okawaru was exalted by your worship.
You visited 4 branches of the dungeon, and saw 25 of its levels.
You visited the Abyss 2 times.
You also visited: Bailey.

You collected 4209 gold pieces.
You spent 443 gold pieces at shops.

Inventory:

Hand Weapons
 L - the +9 flail "Riqing" (weapon) {vorpal, rElec Will+ Str+3}
   (You found it on level 4 of the Lair of Beasts)

   It inflicts extra damage upon your enemies.
   It affects your strength (+3).
   It insulates you from electricity.
   It affects your willpower, your defense against some magical effects.
Armour
 b - a +1 pair of gloves of archery (worn)
   (You found it on level 12 of the Dungeon)
 e - a +3 kite shield (worn)
 i - a +2 pair of boots (worn)
   (You found it on level 1 of the Dungeon)
 A - a +6 plate armour of fire resistance (worn)
   (You took it off an orc warrior on level 7 of the Dungeon)
 G - a +2 hat of see invisible (worn)
   (Okawaru gifted it to you on level 2 of the Lair of Beasts)
 J - a scarf of repulsion (worn)
   (Okawaru gifted it to you on level 11 of the Dungeon)
 N - a +4 scale mail of cold resistance
   (You took it off a tengu warrior on level 12 of the Dungeon)
 Z - a +0 tower shield
   (You took it off an orc on level 13 of the Dungeon)
Jewellery
 j - a +6 ring of dexterity
   (You found it on level 1 of the Dungeon)
 s - an uncursed ring of positive energy
   (You found it on level 4 of the Dungeon)
 y - an uncursed ring of resist corrosion
   (You found it on level 5 of the Lair of Beasts)
 P - an amulet of reflection (around neck)
   (You took it off a centaur on level 12 of the Dungeon)
 T - a ring of protection from cold (right hand)
   (You took it off a centaur on level 12 of the Dungeon)
 X - a +4 ring of protection (left hand)
   (You found it on level 13 of the Dungeon)
Wands
 c - a wand of disintegration (16)
   (You found it on level 9 of the Dungeon)
 u - a wand of paralysis (19)
   (You found it on level 4 of the Lair of Beasts)
 v - a wand of polymorph (44)
   (You found it on level 5 of the Dungeon)
 x - a wand of enslavement (5)
   (You bought it in a shop on level 2 of the Orcish Mines)
Scrolls
 a - a scroll of silence {unknown}
 f - 2 scrolls of amnesia {unknown}
 g - 12 scrolls of teleportation {@r4}
 h - 8 scrolls of immolation {!r}
 k - 2 scrolls of fog
 m - a scroll of blinking
 t - 2 scrolls of identify {@r1}
 w - a scroll of torment {unknown}
 D - 2 scrolls of holy word {unknown}
 E - 2 scrolls of magic mapping
 K - 7 scrolls of enchant weapon
 M - a scroll of summoning {unknown}
 O - 5 scrolls of remove curse {@r2}
 Q - a scroll of acquirement {unknown}
 W - 2 scrolls of fear {unknown}
Potions
 d - 6 potions of might
 l - a potion of cancellation {unknown}
 n - 4 potions of haste {@q3}
 p - 10 potions of curing {@q1}
 q - 3 potions of flight
 r - 4 potions of ambrosia
 C - 8 potions of heal wounds {@q2}
 H - 2 potions of attraction {unknown}
 I - 2 potions of brilliance {unknown}
 R - 2 potions of invisibility
 U - 3 potions of lignification {!q}
 V - 2 potions of resistance {unknown}
Books
 F - a manual of Armour {!d}
   (You found it in a bailey)
 Y - a manual of Fighting {!d}
   (You found it in a bailey)
Miscellaneous
 o - a phial of floods
   (You found it on level 6 of the Lair of Beasts)
 B - a box of beasts
   (You found it on level 6 of the Lair of Beasts)
 S - a condenser vane
   (You found it on level 12 of the Dungeon)


   Skills:
 - Level 12.0 Fighting
 - Level 11.7 Maces & Flails
 - Level 11.9 Armour
 - Level 5.3 Dodging
 + Level 24.3 Shields
 - Level 10.0 Invocations
 - Level 7.4 Evocations


You had 15 spell levels left.
You didn't know any spells.
Your spell library contained the following spells:

 Spells                   Type           Power        Failure   Level
 Animate Skeleton         Necr           0%           96%         1
 Apportation              Tloc           0%           96%         1
 Corona                   Hex            0%           96%         1
 Foxfire                  Conj/Fire      0%           96%         1
 Magic Dart               Conj           0%           96%         1
 Shock                    Conj/Air       0%           96%         1
 Summon Small Mammal      Summ           0%           96%         1
 Blink                    Tloc           N/A          99%         2
 Poisonous Vapours        Pois/Air       0%           99%         2
 Searing Ray              Conj           0%           99%         2
 Swiftness                Air            0%           99%         2
 Confusing Touch          Hex            0%           100%        3
 Conjure Flame            Conj/Fire      0%           100%        3
 Dazzling Flash           Conj/Hex       0%           100%        3
 Gell's Gravitas          Tloc           0%           100%        3
 Inner Flame              Hex/Fire       0%           100%        3
 Mephitic Cloud           Conj/Pois/Air  0%           100%        3
 Static Discharge         Conj/Air       0%           100%        3
 Airstrike                Air            0%           100%        4
 Fulminant Prism          Conj/Hex       0%           100%        4
 Ice Form                 Ice/Tmut       0%           100%        4
 Iskenderun's Mystic Bla  Conj/Tloc      0%           100%        4
 Petrify                  Tmut/Erth      0%           100%        4
 Sticky Flame             Conj/Fire      0%           100%        4
 Summon Lightning Spire   Summ/Air       0%           100%        4
 Bolt of Magma            Conj/Fire/Erth 0%           100%        5
 Fireball                 Conj/Fire      0%           100%        5
 Irradiate                Conj/Tmut      0%           100%        5
 Iskenderun's Battlesphe  Conj           0%           100%        5
 Lightning Bolt           Conj/Air       0%           100%        5
 Metabolic Englaciation   Hex/Ice        0%           100%        5
 Silence                  Hex/Air        0%           100%        5
 Summon Forest            Summ/Tloc      0%           100%        5
 Yara's Violent Unravell  Hex/Tmut       0%           100%        5
 Conjure Ball Lightning   Conj/Air       0%           100%        6
 Freezing Cloud           Conj/Ice/Air   0%           100%        6
 Iron Shot                Conj/Erth      0%           100%        6
 Ozocubu's Refrigeration  Ice            0%           100%        6
 Simulacrum               Ice/Necr       0%           100%        6
 Orb of Destruction       Conj           0%           100%        7
 Spellforged Servitor     Conj/Summ      0%           100%        7
 Tornado                  Air            0%           100%        9


Dungeon Overview and Level Annotations

Branches:
Dungeon (15/15)            Temple (0/1) D:5            Lair (6/6) D:9
 Shoals (0/4) Lair:4       Spider (0/4) Lair:3        Slime (0/5) Lair:5
    Orc (2/2) D:12            Elf (2/3) Orc:2        Vaults (0/5) D:13
 Bailey (visited)
 Depths: D:15

Altars:
Ashenzari
Cheibriados
Elyvilon
Nemelex Xobeh
Okawaru
Qazlal
Ru
Sif Muna
Wu Jian

Shops:
D:9 =   Orc:2 (!}!   Elf:2 [[:=

Portals:
Abyss: D:3
Pandemonium: Orc:2

Annotations:
D:3 2 transporters, Leperte's ghost, amateur GrMo
D:15 Louise


Innate Abilities, Weirdness & Mutations

You reflexively headbutt those who attack you in melee.
You have a pair of horns on your head.
You are partially covered in iridescent scales. (AC +2)
You have an increased reservoir of magic. (+10% MP)
Your muscles are strong. (Str +2)
[Your magical capacity is very low. (-20% MP)]


Message History

Found 30 gold pieces, 22 stones, a leather armour and a scale mail.
A glowing orange brain is nearby!
The glowing orange brain pulsates.
The glowing orange brain radiates an aura of fear!
You resist with almost no effort.
Found 58 gold pieces.
A ynoxinul comes into view.
The ynoxinul bellows!
The ynoxinul gestures.
The ufetubus shouts!
The glowing orange brain pulsates.
Something tries to feed on your intellect!
The ufetubus shouts!
The ynoxinul gestures.
Found 20 gold pieces.
The glowing orange brain blinks!
The ufetubus shouts!
The ufetubus shouts!
Found 12 sling bullets.
The ufetubus barely misses you. You block the ufetubus's attack.
The glowing orange brain pulsates.
You block the ufetubus's attack. x2
The black draconian shifter roars!
The black draconian shifter roars!
The glowing orange brain pulsates.
The glowing orange brain radiates an aura of fear!
You resist with almost no effort. You block the ufetubus's attack.
The ufetubus barely misses you.
There is an open door here.
You block the ufetubus's attack. x2
You block the ufetubus's attack. x2
There is an open door here.
You flicker for a moment.
There's a creature in the doorway!
You thump the ufetubus!
You kill the ufetubus!
The glowing orange brain pulsates.
The glowing orange brain radiates an aura of fear!
You are terrified of the glowing orange brain!
You close the door.
You are no longer terrified.
Something unseen opens the door.
You flicker back into view.
The guardian serpent coils itself and waves its upper body at you.
The ynoxinul barely misses you.
The ynoxinul gestures.
The guardian serpent casts a spell at you.
The bolt of poison hits you!!
You are poisoned.
You die...

....#..##..##
......# #...# .##. .
...#3#### #
.#(##.#####....###'#
.#. #.# ##..##....##
#.# #..#5#.S#..#
.....5...##.##
#....####3.....# #
.## ##.@...# #..
#..##..# #. .....
.'# ...#...# ##
#..##.#.. ### ..#...
.##..## .. ..#


You could see a guardian serpent (summoned), a ynoxinul (summoned) and 2
ufetubi.

Vanquished Creatures
  A frost giant (D:12)
  2 orc warlords
  Aizul (Elf:2)
  2 deep elf death magi (Elf:1)
  The ghost of HunfridMar the Eclecticist, a journeyman DECj of Vehumet (Lair:4)
  11 hydras
  A catoblepas (D:12)
  3 centaur warriors
  4 vault guards (D:13)
  7 two-headed ogres
  A tengu warrior (D:12)
  16 dancing weapons
  Urug (D:12)
  11 deep elf knights
  5 orc high priests
  A soul eater (Orc:2)
  4 skeletal warriors
  An unseen horror (D:12)
  A torturous demonspawn (Orc:2)
  Pikel (D:9)
  An infernal demonspawn (Orc:2)
  7 deep elf archers
  15 orc knights
  An oklob plant (Lair:1)
  5 ugly things
  47 deep elf magi
  11 orc sorcerers
  3 cyclopes
  2 merfolk sirens (Lair:4)
  4 elephants (Lair:5)
  A water nymph (shapeshifter) (D:12)
  A guardian serpent (shapeshifter) (D:13)
  5 black mambas
  27 cane toads
  7 rime drakes
  A yaktaur (D:12)
  5 centaur skeletons
  2 kobold demonologists
  6 komodo dragons
  An efreet (D:15)
  A hellwing (Orc:2)
  7 trolls
  A red devil (Orc:2)
  5 polar bears
  3 meliai (D:15)
  A harpy zombie (D:15)
  4 tyrant leeches (Lair:6)
  2 merfolk (Lair:4)
  2 hornets
  7 dream sheep
  12 slime creatures
  Grinder (D:4)
  27 blink frogs
  2 vampires (D:14)
  An air elemental (Elf:2)
  A ynoxinul (Orc:2)
  4 water elementals
  6 wyverns (Lair:5)
  2 shadows (D:12)
  A fire elemental (Elf:1)
  44 yaks
  5 wraiths
  Eustachio (D:4)
  14 basilisks
  A human (shapeshifter) (D:14)
  8 humans (D:13)
  A steam dragon (D:13)
  A neqoxec (Orc:2)
  9 vampire mosquitoes
  2 wargs (Orc:2)
  An acid dragon (D:13)
  Duvessa (D:4)
  12 water moccasins
  4 phantoms
  4 black bears
  3 sky beasts
  50 orc warriors
  An eye of draining (D:12)
  3 ice beasts
  A necrophage (D:9)
  10 ogres
  7 wolves
  16 centaurs
  A lemure (D:9)
  Blork the orc (D:5)
  33 bullfrogs
  A big kobold (D:10)
  A wyvern zombie (D:12)
  Dowan (D:4)
  6 scorpions
  16 wights
  5 howler monkeys
  2 electric eels
  6 centaur zombies
  2 gnoll shamans
  7 jellies
  3 bullfrog zombies
  9 hounds
  38 orc priests
  3 bullfrog skeletons
  5 iguanas
  11 worker ants
  Ijyb (D:3)
  16 orc wizards
  7 hell rats (Lair:5)
  A hound skeleton (D:4)
  8 gnolls
  A howler monkey skeleton (D:8)
  3 worker ant zombies
  20 adders
  3 white imps
  2 ufetubi (D:10)
  6 oozes
  An adder skeleton (D:5)
  A worm (shapeshifter) (D:12)
  2 worms
  8 leopard geckos
  94 orcs
  2 ball pythons (D:3)
  12 giant cockroaches
  6 goblins
  10 hobgoblins
  4 jackals (D:2)
  9 quokkas
  7 bats
  5 frilled lizards
  11 kobolds
  A leopard gecko skeleton (D:8)
  A quokka skeleton (D:4)
  A quokka zombie (D:9)
  9 rats
919 creatures vanquished.

Vanquished Creatures (others)
  A deep elf mage (Elf:2)
  An orc wizard (D:6)
  41 fungi
  133 plants
176 creatures vanquished.

Grand Total: 1095 creatures vanquished

Notes
Turn   | Place    | Note
-------+----------+-------------------------------------------
     0 | D:1      | MemeProof the Minotaur Fighter began the quest for the Orb.
     0 | D:1      | Reached XP level 1. HP: 19/19 MP: 0/0
   187 | D:1      | Reached XP level 2. HP: 27/27 MP: 1/1
   730 | D:2      | Found a white marble altar of Elyvilon.
   730 | D:2      | Found a sparkling altar of Nemelex Xobeh.
   732 | D:2      | Found an ornate altar of the Wu Jian Council.
   758 | D:2      | Reached skill level 4 in Shields
   758 | D:2      | Reached XP level 3. HP: 33/33 MP: 2/2
   993 | D:2      | Reached skill level 1 in Dodging
  1226 | D:2      | Found a shimmering blue altar of Sif Muna.
  1428 | D:2      | Reached XP level 4. HP: 38/40 MP: 3/3
  1786 | D:3      | Found a transporter.
  1792 | D:3      | Found a transporter.
  1794 | D:3      | Found a one-way gate to the infinite horrors of the Abyss.
  1794 | D:3      | Noticed Leperte's ghost (amateur GrMo)
  1798 | D:3      | Identified the +6 short sword "Nijesuri" {distort, Int+7
                  | Stlth-}
  1798 | D:3      | Noticed a big kobold
  1866 | D:3      | Noticed a small abomination
  1991 | D:3      | Gained mutation: You are partially covered in iridescent
                  | scales. (AC +2) [potion of mutation]
  1991 | D:3      | Gained mutation: Your body sometimes deteriorates upon
                  | taking damage. [potion of mutation]
  1991 | D:3      | Gained mutation: You are dopey. (Int -2) [potion of
                  | mutation]
  1991 | D:3      | Gained mutation: Your flesh is cold resistant. (rC+)
                  | [potion of mutation]
  2015 | D:3      | Noticed Ijyb
  2022 | D:3      | Killed Ijyb
  2080 | D:3      | Found a broken altar of Ashenzari.
  2086 | D:3      | Reached XP level 5. HP: 47/47 MP: 4/4
  2444 | D:4      | Found an iron altar of Okawaru.
  2456 | D:4      | Became a worshipper of Warmaster Okawaru
  2478 | D:4      | Noticed Dowan
  2478 | D:4      | Noticed Duvessa
  2502 | D:4      | Killed Duvessa
  2503 | D:4      | Reached XP level 6. HP: 44/55 MP: 5/5
  2512 | D:4      | Killed Dowan
  2513 | D:4      | Reached skill level 5 in Fighting
  2837 | D:4      | Noticed Eustachio
  2849 | D:4      | Killed Eustachio
  2850 | D:4      | Reached skill level 5 in Armour
  2850 | D:4      | Reached skill level 5 in Shields
  2938 | D:4      | Reached XP level 7. HP: 61/61 MP: 6/6
  2977 | D:4      | Noticed Grinder
  2996 | D:4      | Killed Grinder
  2996 | D:4      | Reached * piety under Okawaru
  3466 | D:5      | Entered Level 5 of the Dungeon
  3584 | D:5      | Reached skill level 5 in Dodging
  3613 | D:5      | Noticed Blork the orc
  3622 | D:5      | Killed Blork the orc
  3741 | D:5      | Found a staircase to the Ecumenical Temple.
  3812 | D:5      | Reached skill level 5 in Maces & Flails
  3826 | D:5      | Reached skill level 1 in Evocations
  3844 | D:5      | Reached XP level 8. HP: 58/70 MP: 7/7
  4149 | D:5      | Got a faintly glowing spear
  4237 | D:6      | Reached ** piety under Okawaru
  4638 | D:6      | Reached skill level 6 in Shields
  4995 | D:6      | Reached *** piety under Okawaru
  5257 | D:7      | Reached XP level 9. HP: 78/78 MP: 8/8
  5425 | D:7      | Reached skill level 7 in Shields
  5444 | D:7      | Lost mutation: Your body sometimes deteriorates upon taking
                  | damage. [potion of mutation]
  5444 | D:7      | Lost mutation: You are dopey. (Int -2) [potion of mutation]
  5444 | D:7      | Lost mutation: Your flesh is cold resistant. (rC+) [potion
                  | of mutation]
  5444 | D:7      | Gained mutation: You have an increased reservoir of magic.
                  | (+10% MP) [potion of mutation]
  5444 | D:7      | Gained mutation: Your muscles are strong. (Str +2) [potion
                  | of mutation]
  6180 | D:8      | Reached skill level 5 in Evocations
  6239 | D:8      | Found a stormy altar of Qazlal.
  6240 | D:8      | Found a snail-covered altar of Cheibriados.
  6301 | D:8      | Noticed a two-headed ogre
  6309 | D:8      | Reached **** piety under Okawaru
  6949 | D:9      | Noticed a two-headed ogre
  7240 | D:9      | Noticed Pikel
  7256 | D:9      | Killed Pikel
  7257 | D:9      | Reached skill level 8 in Shields
  7257 | D:9      | Reached XP level 10. HP: 88/88 MP: 10/10
  7279 | D:9      | Reached ***** piety under Okawaru
  7464 | D:9      | Identified the +5 spear of Circularity {venom, rC+ rN++
                  | Str-4 Stlth+} (You found it on level 5 of the Dungeon)
  7586 | D:9      | Found Heameuto's Jewellery Boutique.
  7880 | D:9      | Noticed a two-headed ogre
  7979 | D:8      | Killed a two-headed ogre
  8045 | D:9      | Killed a two-headed ogre
  8170 | D:9      | Found a staircase to the Lair.
  8932 | D:10     | Entered Level 10 of the Dungeon
  9436 | D:10     | Reached skill level 1 in Invocations
  9625 | D:10     | Reached skill level 9 in Shields
  9834 | D:11     | Noticed a brown ugly thing
  9841 | D:11     | Killed a brown ugly thing
  9841 | D:11     | Received a gift from Okawaru
  9878 | D:11     | Noticed a skeletal warrior
  9892 | D:11     | Killed a skeletal warrior
  9893 | D:11     | Reached XP level 11. HP: 92/97 MP: 11/13
  9895 | D:11     | Noticed a green ugly thing
  9897 | D:11     | Noticed a skeletal warrior
  9897 | D:11     | Noticed a skeletal warrior
  9915 | D:10     | Killed a skeletal warrior
  9922 | D:10     | Killed a green ugly thing
 10137 | D:11     | Killed a skeletal warrior
 10151 | D:11     | Noticed a skeletal warrior
 10166 | D:11     | Killed a skeletal warrior
 10345 | D:11     | Paralysed by a hornet for 3 turns
 10857 | D:12     | Noticed a two-headed ogre
 10872 | D:12     | Killed a two-headed ogre
 10875 | D:12     | Reached skill level 5 in Invocations
 10927 | D:12     | Noticed a tengu warrior
 10966 | D:12     | Killed a tengu warrior
 10978 | D:12     | Noticed a catoblepas
 11245 | D:12     | Noticed a deep elf mage
 11251 | D:12     | Killed a deep elf mage
 11252 | D:12     | Reached skill level 10 in Fighting
 11252 | D:12     | Reached skill level 10 in Shields
 11258 | D:12     | Reached skill level 10 in Armour
 11312 | D:12     | Reached ****** piety under Okawaru
 11589 | D:12     | Killed a catoblepas
 11748 | D:12     | Reached XP level 12. HP: 101/106 MP: 17/17
 11772 | D:12     | Reached skill level 10 in Maces & Flails
 11781 | D:12     | Received a gift from Okawaru
 11830 | D:12     | Noticed a frost giant
 11838 | D:12     | Killed a frost giant
 11856 | D:12     | Noticed a six-headed hydra
 11883 | D:12     | Killed a six-headed hydra
 12171 | D:12     | Noticed Urug
 12177 | D:12     | Killed Urug
 12446 | D:12     | Noticed a two-headed ogre
 12455 | D:12     | Killed a two-headed ogre
 12472 | D:12     | Noticed a centaur warrior
 12521 | D:12     | Killed a centaur warrior
 12521 | D:12     | Received a gift from Okawaru
 12522 | D:12     | Reached skill level 11 in Shields
 13214 | D:12     | Noticed an eight-headed hydra
 13221 | D:12     | Killed an eight-headed hydra
 14143 | D:12     | Found a staircase to the Orcish Mines.
 14509 | D:13     | Reached XP level 13. HP: 116/116 MP: 20/20
 14540 | D:13     | Received a gift from Okawaru
 14618 | D:13     | Found a sacrificial altar of Ru.
 15153 | D:13     | Received a gift from Okawaru
 15367 | D:13     | Found a gate to the Vaults.
 15592 | D:14     | Identified the +5 arbalest "Yripry" {elec, Will++}
 15659 | D:14     | Found a flagged portal.
 15665 | Bailey   | Entered a bailey
 15730 | Bailey   | Reached skill level 10 in Invocations
 16071 | Bailey   | Reached skill level 12 in Shields
 17103 | D:14     | Reached skill level 13 in Shields
 17575 | D:15     | Entered Level 15 of the Dungeon
 17725 | Lair:1   | Entered Level 1 of the Lair of Beasts
 17838 | Lair:1   | Got a slimy leather armour
 17839 | Lair:1   | Identified the +7 leather armour of Patience {Dex+4} (You
                  | found it on level 1 of the Lair of Beasts)
 18229 | Lair:1   | Reached skill level 14 in Shields
 18798 | Lair:1   | Reached XP level 14. HP: 126/126 MP: 22/22
 19082 | Lair:2   | Received a gift from Okawaru
 19269 | Lair:2   | You fall into a shaft and drop 2 floors!
 19385 | Lair:4   | Got a slimy flail
 19386 | Lair:4   | Identified the +9 flail "Riqing" {vorpal, rElec Will+
                  | Str+3} (You found it on level 4 of the Lair of Beasts)
 19413 | Lair:4   | Reached skill level 15 in Shields
 19760 | Lair:4   | Noticed HunfridMar's ghost (journeyman DECj)
 19761 | Lair:4   | Found a runed translucent door.
 19780 | Lair:4   | Killed HunfridMar's ghost
 20165 | Lair:4   | Found a staircase to the Shoals.
 20185 | Lair:4   | Reached skill level 16 in Shields
 21157 | Lair:3   | Found a hole to the Spider Nest.
 22415 | Lair:5   | Reached skill level 17 in Shields
 22554 | Lair:5   | Received a gift from Okawaru
 22633 | Lair:5   | Got a faintly humming scale mail {god gift}
 22651 | Lair:5   | Identified the +1 scale mail of Didey {rC+ SInv} (Okawaru
                  | gifted it to you on level 5 of the Lair of Beasts)
 22966 | Lair:5   | Reached skill level 18 in Shields
 22981 | Lair:5   | Identified the Guide on Damage Dealing and the Compass
 23340 | Lair:5   | Found a staircase to the Slime Pits.
 23582 | Lair:6   | Entered Level 6 of the Lair of Beasts
 23726 | Lair:6   | Reached XP level 15. HP: 132/132 MP: 23/23
 23986 | Lair:6   | Reached skill level 19 in Shields
 24165 | Lair:6   | Got a crystal trident
 25326 | D:15     | Received a gift from Okawaru
 25652 | D:15     | Noticed Louise
 25772 | Orc:1    | Entered Level 1 of the Orcish Mines
 25795 | Orc:1    | Identified the +4 chain mail of Gallantry {Str+7 Slay-6}
 25805 | Orc:1    | Reached skill level 20 in Shields
 26251 | Orc:1    | Noticed an orc warlord
 26262 | Orc:1    | Killed an orc warlord
 26474 | Orc:2    | Entered Level 2 of the Orcish Mines
 27095 | Orc:2    | Found a staircase to the Elven Halls.
 27461 | Orc:2    | Found Bosaergh's Distillery.
 27519 | Orc:2    | Found Coaxi's Distillery.
 27544 | Orc:2    | Bought a potion of heal wounds for 55 gold pieces
 27544 | Orc:2    | Bought a potion of heal wounds for 55 gold pieces
 27544 | Orc:2    | Bought a potion of ambrosia for 88 gold pieces
 27605 | Orc:2    | Bought a potion of might for 48 gold pieces
 27605 | Orc:2    | Bought a potion of heal wounds for 60 gold pieces
 27605 | Orc:2    | Bought a potion of heal wounds for 60 gold pieces
 27754 | Orc:2    | Reached skill level 21 in Shields
 28393 | Orc:2    | Found Uczor's Antique Weapon Shoppe.
 28393 | Orc:2    | Found Cosyeditat's Gadget Emporium.
 28393 | Orc:2    | Found a one-way gate leading to the halls of Pandemonium.
 28404 | Orc:2    | Bought a wand of enslavement (5) for 77 gold pieces
 29081 | Elf:1    | Entered Level 1 of the Elven Halls
 29252 | Elf:1    | Reached XP level 16. HP: 139/139 MP: 24/24
 29497 | Elf:1    | Reached skill level 22 in Shields
 29508 | Elf:1    | Received a gift from Okawaru
 31363 | Elf:2    | Noticed Aizul
 31379 | Elf:2    | Found Faatzil's Book Emporium.
 31379 | Elf:2    | Found Oluokhy's Armour Boutique.
 31486 | Elf:2    | Reached skill level 23 in Shields
 31519 | Elf:2    | Killed Aizul
 31874 | Elf:2    | Found Ecuh's Antique Armour Emporium.
 31929 | Elf:2    | Found Cycengec's Jewellery Shoppe.
 32440 | Elf:2    | Found a runed translucent gate.
 32440 | Elf:2    | Found a runed translucent gate.
 32440 | Elf:2    | Found a runed translucent gate.
 32754 | Elf:2    | Reached skill level 24 in Shields
 33137 | Elf:2    | Received a gift from Okawaru
 33345 | Elf:2    | Cast into level 4 of the Abyss (+0 trident of distortion)
 33378 | Elf:2    | Escaped the Abyss
 33453 | Elf:2    | Cast into level 2 of the Abyss (+0 trident of distortion)
 33658 | Abyss:2  | Found a viscous altar of Jiyva.
 33710 | Abyss:3  | Killed from afar by a guardian serpent

Illustrated notes

Levels and vault maps discovered:
D:1:      nzn_arrival_settlement, layout_basic
D:2:      layout_loops_cross, gammafunk_temple_overflow_forgotten,
          general_overflow_altar, st_stairs_7
D:3:      minmay_recursive_quarters, layout_basic, cheibrodos_ashenzari_chains,
          gammafunk_ghost_abyssal_escape, uniq_ijyb
D:4:      layout_gridville, kennysheep_okawaru_gauntlet, uniq_grinder,
          uniq_eustachio, uniq_duvessa
D:5:      layout_loops_ring, minmay_temple_entry_offerings, uniq_blork_the_orc
D:6:      layout_basic
D:7:      layout_rooms
D:8:      layout_basic, chequers_temple_overflow_statue_of_worship,
          grunt_potential
D:9:      layout_small_grid, dpeg_oklobed_lair, serial_shops,
          nicolae_shop_competitors_out_of_business, uniq_pikel
D:10:     layout_stronghold
D:11:     layout_cave_pools, gauntlet_entry_generic, lightli_minifort
D:12:     minmay_the_grid_square_5x5_5x5 [minmay_the_grid_square_5x5_bridge,
          minmay_the_grid_square_5x5_moneybag,
          minmay_the_grid_square_5x5_n_small,
          minmay_the_grid_square_5x5_eight_small,
          minmay_the_grid_square_5x5_doubleslash,
          minmay_the_grid_square_5x5_plus,
          minmay_the_grid_square_5x5_prize_gold,
          minmay_the_grid_square_5x5_two_small,
          minmay_the_grid_square_5x5_prize_monsterx,
          minmay_the_grid_square_5x5_comb, minmay_the_grid_square_5x5_empty,
          minmay_the_grid_square_5x5_inner_i,
          minmay_the_grid_square_5x5_prize_deathbox,
          minmay_the_grid_square_5x5_checkered_sparse,
          minmay_the_grid_square_5x5_checkered, minmay_the_grid_square_5x5_two,
          minmay_the_grid_square_5x5_prize_waves,
          minmay_the_grid_square_5x5_lines,
          minmay_the_grid_square_5x5_prize_rear_guard,
          minmay_the_grid_square_5x5_longway, minmay_the_grid_square_5x5_corner,
          minmay_the_grid_square_5x5_bite, minmay_the_grid_square_5x5_six,
          minmay_the_grid_square_5x5_inner_z, minmay_the_grid_square_5x5_n],
          layout_grid_maze, david_orc_4, uniq_urug
D:13:     layout_roguey, ximxim_vaults_locker_room, nicolae_ru_awakened_eye
D:14:     layout_loops_ring, hangedman_decor_cross_pass, enter_bailey_3,
          chequers_big_river
D:15:     gammafunk_enter_depths_forms, layout_cave_pools,
          ebering_dispersal_statue_hall, uniq_louise
Lair:1:   layout_loops_ring, minmay_lair_oklob_chamber,
          infiniplex_staircase_pool_2
Lair:2:   layout_loops_ring, grunt_megastairs_3, lemuel_fruit_tree
Lair:3:   layout_cave_pods, spider_nest_entry_web_field, grunt_megastairs_2
Lair:4:   layout_layer_cave, elwin_shoals_entry_stream,
          ebering_ghost_inner_flame, grunt_megastairs_1
Lair:5:   layout_roguey [special_room_mythical_zoo],
          nicolae_slime_entry_slimehenge
Lair:6:   minmay_lair_end_frog_pond, layout_cave_pods, serial_forest,
          infiniplex_forest_lined_room_2, infiniplex_forest_lined_4_way,
          infiniplex_forest_clump_diagonal, infiniplex_forest_straight_1,
          infiniplex_forest_clump_long, infiniplex_forest_clump_double,
          infiniplex_forest_lined_room_3, infiniplex_forest_corner_2,
          infiniplex_forest_straight_1, chequers_serial_rivers_micro_d
Orc:1:    layout_diamond_mine, elf_legates, uniq_erica
Orc:2:    pf_orc_diabolical, layout_caves
Elf:1:    eino_elf_arrival_the_gate, layout_geoelf_octagon, special_room
          [special_room_orc], minmay_elf_crystal_heptagon, drop_trap,
          minmay_crystal_room
Elf:2:    layout_geoelf_diagonals, serial_shops, shop, shop, shop,
          nicolae_shop_competitors_out_of_business, uniq_aizul
Abyss:3:  base: Elf:1, evilmike_abyss_exit_14, hangedman_abyss_or_decor_stagger,
          evilmike_abyss_rune_ettins

Skill      XL: |  1  2  3  4  5  6  7  8  9 10 11 12 13 14 15 16 |
---------------+-------------------------------------------------+-----
Fighting       | 4 5 6 8 9 10 11 12 | 12.0
Armour         | 4 5 6 8 9 10 11 | 11.9
Shields        | 4 5 6 8 9 10 11 14 18 21 24 | 24.3
Maces & Flails | 3 4 5 6 7 8 9 11 | 11.7
Dodging        | 1 2 3 4 5 |  5.3
Evocations     | 1 3 6 7 |  7.4
Invocations    | 2 6 8 10 | 10.0

Action                   |  1- 3 |  4- 6 |  7- 9 | 10-12 | 13-15 | 16-18 || total
-------------------------+-------+-------+-------+-------+-------+-------++-------
Melee: Flail             |    92 |    87 |   373 |   389 |  1085 |   483 ||  2509
       Headbutt          |    20 |    20 |    89 |   184 |   374 |   104 ||   791
       Eveningstar       |       |       |       |   202 |   479 |       ||   681
Throw: Javelin           |       |       |       |     3 |       |       ||     3
Invok: Heroism           |       |       |     1 |     2 |     4 |     4 ||    11
       Finesse           |       |       |       |     1 |     2 |     3 ||     6
Evoke: Wand              |       |       |     1 |       |       |       ||     1
  Use: Scroll            |       |     3 |    15 |    14 |    11 |     7 ||    50
       Potion            |       |     2 |     1 |       |       |     9 ||    12
 Stab: Distracted        |       |       |       |     2 |       |       ||     2
Armor: Scale mail        |    21 |       |       |   121 |       |       ||   142
       Chain mail        |    26 |    63 |   133 |    28 |       |       ||   250
       Plate armour      |       |       |       |   151 |   403 |    97 ||   651
Dodge: Dodged            |    16 |    32 |   104 |   217 |   294 |    53 ||   716
       Repelled          |       |       |       |     2 |    11 |     2 ||    15
Block: Kite shield       |    34 |    61 |   218 |   464 |  1590 |   390 ||  2757
       Reflection        |       |       |       |       |    19 |    41 ||    60
